[Event "Titled Tuesday Blitz April 11 Early 2023"]
[White "Yeritsyan, Hayk"]
[Black "Karttunen, Mika"]
[WhiteFideId "13307320"]
[BlackFideId "502081"]
[WhiteElo "2414"]
[BlackElo "2396"]
[Result "1/2-1/2"]
[Round "03"]
[TimeControl "180+2"]
[Date "2023.04.11"]
[WhiteClock "0:00:04"]
[BlackClock "0:00:10"]

1. e4 e6 2. d3 d5 3. Nd2 c5 4. Ngf3 Nc6 5. g3 Nf6 6. Bg2 Be7 7. O-O O-O 8. Re1 b6 9. e5 Nd7 10. Nf1 b5 11. h4 h6 12. N1h2 Re8 13. Bf4 a5 14. Qd2 Bf8 15. c3 a4 16. a3 Ba6 17. Ng4 Kh7 18. d4 Na5 19. Bf1 Nb3 20. Bd3+ Kh8 21. Qe3 b4 22. Bxa6 Rxa6 23. Bxh6 f5 24. exf6 gxh6 25. f7 Re7 26. Nfe5 Nxe5 27. Nxe5 Rb7 28. Qf4 Raa7 29. Ng6+ Kg7 30. Nxf8 Qxf8 31. Rxe6 Rxf7 32. Qxh6+ Kg8 33. Rg6+ Rg7 34. Re1 Re7 35. Rxg7+ Qxg7 36. Qxg7+ Rxg7 37. dxc5 bxc3 38. bxc3 Nxc5 39. Re5 Rd7 40. h5 Ne4 41. c4 Nd2 42. Rg5+ Kh7 43. Kg2 Nxc4 44. g4 d4 45. Rc5 Nd6 46. Rd5 Rd8 47. Rxd4 Nf7 48. Rxa4 Rd3 49. f3 Ne5 50. Rf4 Rxa3 51. Rf5 Nd3 52. Kg3 Kg7 53. g5 Rc3 54. f4 Ne5+ 55. Kh4 Nf3+ 56. Kg4 Nh2+ 57. Kh4 Nf3+ 58. Kg4 Nh2+ 59. Kh4 Nf3+ 1/2-1/2


[Site "https://www.chess.com"]

[Event "Titled Tuesday Blitz April 11 Early 2023"]
[White "Gheorghiu, Calin"]
[Black "HSH1987"]
[WhiteFideId "1200305"]
[WhiteElo "2223"]
[BlackElo "2684"]
[Result "0-1"]
[Round "03"]
[TimeControl "180+2"]
[Date "2023.04.11"]
[WhiteClock "0:00:20"]
[BlackClock "0:01:00"]

1. e4 e5 2. Nf3 Nc6 3. Bb5 Nf6 4. d3 d6 5. c3 Bd7 6. O-O g6 7. Re1 Bg7 8. Nbd2 O-O 9. Nf1 a5 10. Ng3 Qe8 11. a4 Kh8 12. d4 Ng8 13. h3 Nge7 14. Bg5 f6 15. Bd2 Nd8 16. Bc4 Be6 17. Bf1 Bg8 18. c4 Ne6 19. Bc3 c5 20. d5 Nd4 21. Nxd4 cxd4 22. Bd2 f5 23. exf5 gxf5 24. Nh5 Qg6 25. Nxg7 Qxg7 26. Qh5 f4 27. Bd3 Bf7 28. Qh4 Bg6 29. Ra3 Rg8 30. Bf1 Nf5 31. Qg4 Qf7 32. Qd1 Bh5 33. Qc2 Nh4 34. Rb3 Nf3+ 35. Kh1 Nxe1 36. Bxe1 Rg7 37. Rb6 Qd7 38. Qb3 Rag8 39. Rxb7 Qxb7 0-1


[Site "https://www.chess.com"]

[Event "Titled Tuesday Blitz April 11 Early 2023"]
[White "Dzagnidze, Nana"]
[Black "KorolDimitriy75"]
[WhiteFideId "13601903"]
[WhiteElo "2406"]
[BlackElo "2370"]
[Result "1/2-1/2"]
[Round "03"]
[TimeControl "180+2"]
[Date "2023.04.11"]
[WhiteClock "0:00:07"]
[BlackClock "0:00:08"]

1. d4 Nf6 2. c4 c5 3. d5 b5 4. cxb5 a6 5. bxa6 g6 6. Nc3 Bxa6 7. Nf3 d6 8. e4 Bxf1 9. Kxf1 Bg7 10. g3 O-O 11. Kg2 Nbd7 12. Rb1 Ng4 13. Bd2 Qa5 14. Qc2 Nge5 15. Nxe5 Nxe5 16. b3 Qa3 17. Bc1 Qa5 18. a4 Nf3 19. Kxf3 Bxc3 20. Kg2 Rfb8 21. Bb2 Bxb2 22. Rxb2 Rb4 23. h4 h5 24. Rhb1 Rab8 25. Qe2 Qb6 26. e5 c4 27. exd6 exd6 28. Qf3 Rxb3 29. Rxb3 cxb3 30. a5 Qxa5 31. Rxb3 Rxb3 32. Qxb3 Qc5 33. Qd3 Kg7 34. Qe4 Kg8 35. Qf3 Kg7 36. Kh2 Kg8 37. Kg2 Kg7 38. Kh2 Kg8 39. Kg2 1/2-1/2


[Site "https://www.chess.com"]

[Event "Titled Tuesday Blitz April 11 Early 2023"]
[White "Kaidanov, Gregory"]
[Black "Derichs, Roger"]
[WhiteFideId "2008564"]
[BlackFideId "4630076"]
[WhiteElo "2547"]
[BlackElo "2362"]
[Result "0-1"]
[Round "03"]
[TimeControl "180+2"]
[Date "2023.04.11"]
[WhiteClock "0:00:01"]
[BlackClock "0:00:08"]

1. Nf3 d5 2. g3 g6 3. c4 dxc4 4. Qa4+ Nc6 5. Qxc4 Bg7 6. Bg2 e5 7. O-O Nge7 8. d3 O-O 9. Qh4 Nf5 10. Qxd8 Rxd8 11. Nc3 Ncd4 12. Bg5 f6 13. Bd2 Nxf3+ 14. Bxf3 Nd4 15. Bg2 c6 16. Rfd1 Bg4 17. Kf1 Rac8 18. h3 Bd7 19. Ne4 b6 20. b4 Be8 21. e3 Ne6 22. Ke2 c5 23. bxc5 Nxc5 24. Nxc5 Rxc5 25. a4 Rdc8 26. Bb4 Rc2+ 27. Rd2 Bf8 28. Bd5+ Bf7 29. Bxf7+ Kxf7 30. Bxf8 Kxf8 31. Kd1 Rxd2+ 32. Kxd2 Ke7 33. a5 Rc7 34. axb6 axb6 35. Rb1 Rb7 36. Kc3 Kd6 37. Kb4 Kc6 38. Rc1+ Kd6 39. Kb5 Ra7 40. Kxb6 Ra2 41. Rc6+ Ke7 42. Rc7+ Ke6 43. f4 Ra3 44. Rxh7 Rxd3 45. Rg7 Rxe3 46. fxe5 fxe5 47. Rxg6+ Kf5 48. Rg8 Rc3 49. h4 e4 50. h5 Rc1 51. g4+ Kf4 52. g5 Rh1 53. h6 e3 54. g6 Rxh6 55. Rf8+ Kg5 56. Re8 Rxg6+ 57. Kc5 Kf4 58. Kd4 Rd6+ 59. Kc3 Kf3 60. Rf8+ Ke2 61. Rh8 Rc6+ 62. Kd4 Rd6+ 63. Ke5 Rd7 0-1


[Site "https://www.chess.com"]

[Event "Titled Tuesday Blitz April 11 Early 2023"]
[White "Yurasova, Daria"]
[Black "Nurgaliyeva, Zarina"]
[WhiteFideId "34146919"]
[BlackFideId "13730096"]
[WhiteElo "2134"]
[BlackElo "2134"]
[Result "0-1"]
[Round "03"]
[TimeControl "180+2"]
[Date "2023.04.11"]
[WhiteClock "0:00:03"]
[BlackClock "0:00:10"]

1. d4 Nf6 2. Bg5 d5 3. Bxf6 exf6 4. e3 Be6 5. g3 c6 6. Bg2 Be7 7. Ne2 Nd7 8. O-O O-O 9. Nd2 Re8 10. b3 Bf8 11. c4 Nb6 12. Qc2 Bb4 13. c5 Nd7 14. a3 Ba5 15. b4 Bc7 16. a4 Nf8 17. b5 Qd7 18. Qb2 Bf5 19. Ra3 h5 20. h4 Ba5 21. Nf4 g6 22. Rb3 Ne6 23. bxc6 bxc6 24. Rb7 Qc8 25. Nxe6 Qxe6 26. Nb3 Bd8 27. a5 Bd3 28. Re1 Bc4 29. Nd2 Bxa5 30. Nxc4 Bxe1 31. Nd6 Re7 32. Rb3 Ba5 33. Qe2 Bc7 34. Nb7 a5 35. Rb1 a4 36. Kh2 a3 37. Qa2 Qc8 38. Bh3 Qb8 39. Nd6 Qa7 40. Bg2 Bxd6 41. cxd6 Rd7 42. Rc1 Rxd6 43. Rc3 Rdd8 44. Rxc6 Qb7 45. Bxd5 Qb2 46. Bxf7+ Kg7 47. Rc7 Qxa2 48. Bxa2+ Kh6 49. d5 Rdb8 50. d6 Rb2 51. Be6 a2 52. Bxa2 Rxf2+ 53. Kh3 Rfxa2 54. g4 Rd2 55. g5+ fxg5 56. hxg5+ Kxg5 57. Rc5+ 0-1


[Site "https://www.chess.com"]

[Event "Titled Tuesday Blitz April 11 Early 2023"]
[White "Andrews, Todd"]
[Black "Devaev, Alexander"]
[WhiteFideId "2012456"]
[BlackFideId "4169395"]
[WhiteElo "2330"]
[BlackElo "2204"]
[Result "0-1"]
[Round "03"]
[TimeControl "180+2"]
[Date "2023.04.11"]
[WhiteClock "0:00:24"]
[BlackClock "0:00:31"]

1. e4 c6 2. c4 d5 3. exd5 cxd5 4. cxd5 Qxd5 5. Nc3 Qd6 6. Nf3 e6 7. Bc4 Nf6 8. O-O Be7 9. Re1 O-O 10. d4 Nc6 11. Nb5 Qd8 12. Bf4 a6 13. Nc3 b5 14. Bd3 Bb7 15. a3 Rc8 16. Bc2 Qb6 17. Qd3 Rfd8 18. Rad1 b4 19. Bg5 bxc3 20. Bxf6 Bxf6 21. Qxh7+ Kf8 22. d5 Ne7 23. Qh8+ Ng8 24. bxc3 Rxd5 25. Rb1 Rb5 26. Bh7 Rxb1 27. Rxb1 Qxb1+ 28. Bxb1 Rxc3 29. h4 Rc1+ 30. Kh2 Rxb1 31. Ng5 Bxg5 32. hxg5 Rb5 33. g6 fxg6 34. Qh4 Rh5 35. Qxh5 gxh5 0-1


[Site "https://www.chess.com"]

[Event "Titled Tuesday Blitz April 11 Early 2023"]
[White "Baches Garcia, Guillermo"]
[Black "Ward, Ieuan C"]
[WhiteFideId "2209764"]
[BlackFideId "406627"]
[WhiteElo "2456"]
[BlackElo "2322"]
[Result "1/2-1/2"]
[Round "03"]
[TimeControl "180+2"]
[Date "2023.04.11"]
[WhiteClock "0:01:24"]
[BlackClock "0:01:51"]

1. e4 c5 2. Nf3 d6 3. d4 cxd4 4. Nxd4 Nf6 5. Nc3 a6 6. Be3 e5 7. Nb3 Be6 8. f3 Nbd7 9. g4 b5 10. a4 b4 11. Nd5 Bxd5 12. exd5 Nb6 13. Bf2 Qc7 14. g5 Nfd7 15. Qd3 a5 16. Qe4 Be7 17. Bd3 Bxg5 18. h4 Bh6 19. Bb5 O-O 20. Bc6 1/2-1/2


[Site "https://www.chess.com"]

[Event "Titled Tuesday Blitz April 11 Early 2023"]
[White "Sowul, Bartosz"]
[Black "Zampronha, Wladimir Camilo"]
[WhiteFideId "1137590"]
[BlackFideId "2103087"]
[WhiteElo "2188"]
[BlackElo "2176"]
[Result "1-0"]
[Round "03"]
[TimeControl "180+2"]
[Date "2023.04.11"]
[WhiteClock "0:00:29"]
[BlackClock "0:00:49"]

1. e4 c5 2. Nc3 e6 3. Nf3 Nc6 4. Bb5 Nd4 5. O-O a6 6. Bd3 b5 7. a3 Bb7 8. Nxd4 cxd4 9. Ne2 Qb6 10. c3 dxc3 11. dxc3 Nf6 12. Be3 Qc7 13. Ng3 Bc5 14. Bd4 d5 15. exd5 Bxd5 16. Bxc5 Qxc5 17. Nh5 Qe7 18. Nxg7+ Kf8 19. Nh5 Nxh5 20. Qxh5 Rg8 21. g3 Qf6 22. Rfe1 h6 23. Be4 Rd8 24. Rad1 Bxe4 25. Rxd8+ Qxd8 26. Qxh6+ Rg7 27. Qh8+ Rg8 28. Qh6+ Rg7 29. Rxe4 Qd1+ 30. Kg2 Qd5 31. f3 Qd1 32. Qh8+ Ke7 33. Qxg7 1-0


[Site "https://www.chess.com"]

[Event "Titled Tuesday Blitz April 11 Early 2023"]
[White "lolliNOPE"]
[Black "mohsengabr2002"]
[WhiteElo "2142"]
[BlackElo "2448"]
[Result "1/2-1/2"]
[Round "03"]
[TimeControl "180+2"]
[Date "2023.04.11"]
[WhiteClock "0:00:21"]
[BlackClock "0:00:06"]

1. e4 c5 2. Nf3 d6 3. d4 cxd4 4. Nxd4 a6 5. c4 g6 6. Nc3 Bg7 7. Be3 Nc6 8. Be2 Nf6 9. O-O O-O 10. Rc1 Bd7 11. Kh1 Rc8 12. b3 Qa5 13. Qd2 Nxd4 14. Bxd4 Nxe4 15. Nxe4 Qxd2 16. Nxd2 Bxd4 17. Bf3 Bc6 18. Rfe1 Bxf3 19. Nxf3 Bf6 20. g4 e5 21. Rcd1 Be7 22. Nd2 f5 23. gxf5 gxf5 24. Nb1 b5 25. Nd2 Kf7 26. Rc1 Rg8 27. cxb5 axb5 28. Rxc8 Rxc8 29. a4 bxa4 30. bxa4 Rc2 31. Rd1 Ra2 32. Nc4 Rxa4 33. Nxd6+ Bxd6 34. Rxd6 Ra2 35. Kg2 f4 36. Kf3 Ra4 37. Rh6 Kg7 38. Re6 Ra5 39. Ke4 Ra2 40. Rxe5 Rxf2 41. Rf5 Rxh2 42. Rxf4 Kg6 43. Kf3 Ra2 44. Kg3 h5 45. Rb4 Ra5 46. Kh4 Ra6 47. Rc4 Kh6 48. Rb4 Rd6 49. Rc4 Kg6 50. Rb4 Rf6 51. Rc4 Re6 52. Rb4 Re1 53. Rb6+ Kf5 54. Rb5+ Kf4 55. Kxh5 Rh1+ 56. Kg6 Rg1+ 57. Kf6 Ra1 58. Rb4+ Ke3 59. Ke5 Kd3 60. Rd4+ Kc3 61. Rh4 Ra5+ 62. Kf4 Kd3 63. Kf3 Rf5+ 64. Rf4 Rd5 65. Rf8 Rd7 66. Rf6 Kd4 67. Rf4+ Ke5 68. Ke3 Ra7 69. Re4+ Kd5 70. Rd4+ Kc5 71. Rh4 Ra3+ 72. Kf4 Ra4+ 73. Kg5 Ra1 74. Rh5 Kd5 75. Kf6+ Kd6 76. Rf5 Re1 77. Rf2 Rg1 78. Rd2+ Kc5 79. Ke5 Kc4 80. Rd8 Re1+ 81. Kf4 Rf1+ 82. Ke3 Ra1 83. Ke4 Re1+ 84. Kf3 Kc5 85. Kf2 Re7 86. Kf3 Kc6 87. Rd1 Kc7 88. Kf4 Rd7 89. Rxd7+ Kxd7 1/2-1/2


[Site "https://www.chess.com"]

[Event "Titled Tuesday Blitz April 11 Early 2023"]
[White "Titichoca Daza, Daniel"]
[Black "Slayyy_200"]
[WhiteFideId "3309550"]
[WhiteElo "2101"]
[BlackElo "2128"]
[Result "1-0"]
[Round "03"]
[TimeControl "180+2"]
[Date "2023.04.11"]
[WhiteClock "0:00:18"]
[BlackClock "0:00:15"]

1. e4 c5 2. Nc3 Nc6 3. Bb5 Nd4 4. Nf3 g6 5. O-O Bg7 6. Nxd4 cxd4 7. Nd5 e6 8. Nf4 a6 9. Bc4 b5 10. Bb3 Bb7 11. d3 Ne7 12. Bd2 O-O 13. a4 Qc7 14. Bb4 Qxf4 15. Bxe7 Rfe8 16. Bb4 d5 17. Bd2 Qh4 18. exd5 e5 19. Qf3 Rad8 20. axb5 axb5 21. Ra7 Rd7 22. Rfa1 Red8 23. Ba5 Bxd5 24. Rxd7 Bxf3 25. Rxd8+ Bf8 26. gxf3 Kg7 27. Rd7 Be7 28. Bd2 Qf6 29. Raa7 Kf8 30. Rxe7 Qxf3 31. Rxf7+ 1-0


[Site "https://www.chess.com"]

[Event "Titled Tuesday Blitz April 11 Early 2023"]
[White "MANOJ_MISHRA123"]
[Black "Gatterer, Florian"]
[BlackFideId "811688"]
[WhiteElo "2100"]
[BlackElo "2221"]
[Result "1/2-1/2"]
[Round "03"]
[TimeControl "180+2"]
[Date "2023.04.11"]
[WhiteClock "0:00:06"]
[BlackClock "0:00:23"]

1. d4 d5 2. Bf4 c5 3. c3 cxd4 4. cxd4 Nc6 5. e3 Nf6 6. Nf3 a6 7. Bd3 Bg4 8. h3 Bxf3 9. Qxf3 Nb4 10. Qe2 Nxd3+ 11. Qxd3 e6 12. Nc3 Bd6 13. O-O Bxf4 14. exf4 g6 15. Na4 Ne4 16. f3 Nd6 17. Rac1 O-O 18. Nc5 Qe7 19. Qa3 Nf5 20. Rfd1 b6 21. Na4 Qxa3 22. bxa3 Ne3 23. Rd3 Nc4 24. Rb3 b5 25. Nc5 Rfc8 26. g4 h6 27. Kf2 Kg7 28. Ke2 Rc7 29. a4 bxa4 30. Nxa4 Rac8 31. Nc5 Rc6 32. a4 R8c7 33. Rb8 Rc8 34. Rb7 R8c7 35. Rxc7 Rxc7 36. Nxa6 Rb7 37. Nc5 Rb2+ 38. Kd3 Ra2 39. Rb1 Ra3+ 40. Ke2 Ra2+ 41. Kd3 Ra3+ 42. Rb3 Ra2 43. Rb7 Kg8 44. Rb8+ Kg7 45. Rb7 Kg8 46. Nd7 Rxa4 47. g5 Ra3+ 48. Ke2 hxg5 49. fxg5 Ra8 50. Nf6+ Kg7 51. h4 Ra2+ 52. Kd1 Ra8 53. Kc2 Rh8 54. Kb3 Rxh4 55. Kb4 Rh2 56. Rb8 Rh8 57. Rb7 Rh2 58. Kc5 Rh8 59. Ra7 Rc8+ 60. Kb4 Rb8+ 61. Kc5 Rc8+ 62. Kb4 Rb8+ 63. Kc5 Rc8+ 1/2-1/2


[Site "https://www.chess.com"]

[Event "Titled Tuesday Blitz April 11 Early 2023"]
[White "Garrido, Denis"]
[Black "Vaibhav, Suri"]
[WhiteFideId "601217"]
[BlackFideId "5045185"]
[WhiteElo "2321"]
[BlackElo "2510"]
[Result "1/2-1/2"]
[Round "03"]
[TimeControl "180+2"]
[Date "2023.04.11"]
[WhiteClock "0:00:12"]
[BlackClock "0:01:03"]

1. e4 Nf6 2. e5 Nd5 3. d4 d6 4. Nf3 Bg4 5. Be2 e6 6. O-O Nd7 7. exd6 Bxd6 8. c4 N5f6 9. Nc3 O-O 10. h3 Bh5 11. Qb3 c5 12. Nb5 Bb8 13. dxc5 Nxc5 14. Qa3 Qe7 15. Be3 b6 16. Rad1 a6 17. Nbd4 Rc8 18. Rfe1 Qc7 19. g3 Qb7 20. Qc3 Nfe4 21. Qc1 Bd6 22. Nd2 Bxe2 23. Rxe2 Nf6 24. Qc2 Rd8 25. Ree1 Rac8 26. N4b3 Ncd7 27. Qd3 Ne5 28. Qf1 Bb4 29. Qg2 Qxg2+ 30. Kxg2 Nxc4 31. Nxc4 Bxe1 32. Rxe1 Rxc4 33. Bxb6 Nd5 34. Bxd8 Rc2 35. Rb1 h6 36. Ba5 e5 37. Be1 f6 38. Kf1 Kf7 39. Nd2 Ke6 40. a3 g5 41. Ne4 f5 42. Nc3 Nb6 43. b3 Nd7 44. Na4 e4 45. Rd1 Ne5 46. b4 Nf3 47. Nc5+ Ke5 48. Nxa6 f4 49. gxf4+ gxf4 50. Nc5 e3 51. Nd3+ Ke4 52. fxe3 fxe3 53. Nc5+ Kf4 54. Nd3+ Ke4 55. Nc5+ Kf4 56. Nd3+ Kf5 57. Nc1 Nh2+ 58. Kg1 Nf3+ 59. Kf1 Nh2+ 60. Kg1 Nf3+ 61. Kf1 1/2-1/2


[Site "https://www.chess.com"]

[Event "Titled Tuesday Blitz April 11 Early 2023"]
[White "Idani, Pouya"]
[Black "Kornyukov, Alexey"]
[WhiteFideId "12510130"]
[BlackFideId "4150457"]
[WhiteElo "2574"]
[BlackElo "2352"]
[Result "1/2-1/2"]
[Round "03"]
[TimeControl "180+2"]
[Date "2023.04.11"]
[WhiteClock "0:00:06"]
[BlackClock "0:00:29"]

1. e4 c5 2. Nc3 Nc6 3. Bb5 e6 4. Bxc6 bxc6 5. f4 d5 6. d3 Ne7 7. Nf3 d4 8. Ne2 g6 9. O-O Bg7 10. b3 O-O 11. Ng3 f5 12. Qe2 Ba6 13. a4 Qd7 14. Ba3 Qd6 15. e5 Qd5 16. Qd2 Rac8 17. Qa5 Bb7 18. Qxa7 Rc7 19. Qxc5 Qxc5 20. Bxc5 Re8 21. Nxd4 Nd5 22. c4 Ne3 23. Rf3 Ng4 24. h3 Nh6 25. Bd6 Rd7 26. c5 Nf7 27. Nc2 Nxd6 28. cxd6 c5 29. Rf2 Bd5 30. b4 cxb4 31. Nxb4 Rxd6 32. Nxd5 Rxd5 33. a5 Rxd3 34. Nf1 Ra8 35. a6 Rd7 36. g3 Bf8 37. Rfa2 Bc5+ 38. Kg2 Raa7 39. Ra5 Bb6 40. Rb5 Bd4 41. Ra4 Kg7 42. Nh2 Be3 43. Nf3 h6 44. g4 g5 45. gxf5 exf5 46. fxg5 hxg5 47. e6 Re7 48. Rxf5 Rxe6 49. Re5 Rxe5 50. Nxe5 Bf4 51. Nc6 Ra8 52. Kf3 Bh2 53. Kg4 Kg6 54. a7 Bg1 55. Ra1 Bb6 56. Ra6 Bg1 57. Na5+ Kg7 58. Nc6 Be3 59. Kf5 Kf7 60. Ke4 Bg1 61. Kd5 Be3 62. Kd6 Bf4+ 63. Kd7 Kf6 64. Nd8+ Ke5 65. Ne6 Be3 66. Ra5+ Kf6 67. Ra6 Rxa7+ 68. Rxa7 Bxa7 69. Kd6 Be3 70. Kd5 Kf5 71. Nxg5 Bxg5 72. Kd4 Kf4 73. Kd3 Kg3 74. Kd4 Kxh3 1/2-1/2


[Site "https://www.chess.com"]

[Event "Titled Tuesday Blitz April 11 Early 2023"]
[White "Smith, Garrett L"]
[Black "Pakleza, Zbigniew"]
[WhiteFideId "2024829"]
[BlackFideId "1119290"]
[WhiteElo "2315"]
[BlackElo "2410"]
[Result "0-1"]
[Round "03"]
[TimeControl "180+2"]
[Date "2023.04.11"]
[WhiteClock "0:00:06"]
[BlackClock "0:00:22"]

1. e4 d6 2. d4 Nf6 3. Nc3 c6 4. f3 Qb6 5. a4 a5 6. Nge2 e5 7. Be3 Nbd7 8. Qd2 Qc7 9. g4 h5 10. g5 Ng8 11. h4 Ne7 12. Bh3 Nb6 13. b3 Bxh3 14. Rxh3 g6 15. f4 Bg7 16. O-O-O Nd7 17. Rf3 O-O-O 18. fxe5 Rhf8 19. exd6 Qxd6 20. Bf4 Qa3+ 21. Kb1 Nc5 22. Qc1 Qxc1+ 23. Kxc1 Ne6 24. Be3 f5 25. gxf6 Rxf6 26. Rg3 Rf7 27. d5 Nf8 28. Bb6 Re8 29. d6 Ng8 30. Bxa5 Nf6 31. Rf3 Rd7 32. Bb4 Ne6 33. Rdf1 Ng4 34. Rf7 Nd8 35. Rxd7 Kxd7 36. Kd2 Bh6+ 37. Ke1 Ne3 38. Bc5 Nxf1 39. Kxf1 Ne6 40. b4 Nxc5 41. bxc5 Be3 42. Kg2 0-1


[Site "https://www.chess.com"]

[Event "Titled Tuesday Blitz April 11 Early 2023"]
[White "Rian, Kapriaga"]
[Black "Itgelt, Khuyagtsogt"]
[WhiteFideId "7103263"]
[BlackFideId "4902912"]
[WhiteElo "2312"]
[BlackElo "2227"]
[Result "0-1"]
[Round "03"]
[TimeControl "180+2"]
[Date "2023.04.11"]
[WhiteClock "0:00:01"]
[BlackClock "0:01:18"]

1. d4 d5 2. Nf3 c6 3. Bf4 Nf6 4. e3 g6 5. c4 Bg7 6. Nc3 O-O 7. cxd5 cxd5 8. Qb3 Nc6 9. h3 Na5 10. Qd1 a6 11. Bd3 b5 12. O-O Bd7 13. Rc1 Nc4 14. b3 Nb2 15. Qe2 Nxd3 16. Qxd3 Bf5 17. Qe2 Rc8 18. Qb2 Qb6 19. Ne5 Rfd8 20. Rfd1 h6 21. Bh2 g5 22. Kh1 e6 23. Kg1 Bf8 24. Kh1 Qa5 25. Nb1 Qb6 26. a3 Ne4 27. f3 Nf6 28. Nd2 Bh7 29. b4 Rc4 30. Nb3 Rdc8 31. Nc5 Rxc1 32. Rxc1 Qa7 33. Nb3 Qa8 34. Rxc8 Qxc8 35. Nc5 Ne8 36. Qd2 Nd6 37. Qf2 Nc4 38. Nxc4 bxc4 39. Qd2 Bg6 0-1


[Site "https://www.chess.com"]

[Event "Titled Tuesday Blitz April 11 Early 2023"]
[White "Eggleston, Thomas A"]
[Black "Parkhov, Yair"]
[WhiteFideId "412139"]
[BlackFideId "2813408"]
[WhiteElo "2155"]
[BlackElo "2421"]
[Result "0-1"]
[Round "03"]
[TimeControl "180+2"]
[Date "2023.04.11"]
[WhiteClock "0:00:08"]
[BlackClock "0:00:22"]

1. e4 e5 2. f4 d5 3. exd5 exf4 4. Nf3 Nf6 5. c4 c6 6. dxc6 Nxc6 7. d4 Bg4 8. Be2 Bb4+ 9. Nc3 Bxf3 10. Bxf3 Nxd4 11. O-O O-O 12. Bxf4 Bxc3 13. bxc3 Nxf3+ 14. Qxf3 Qb6+ 15. Be3 Qc6 16. Qg3 Ne4 17. Qg4 Qg6 18. Qxg6 hxg6 19. Bd4 Nd2 20. Rfe1 Nxc4 21. Re7 b6 22. Rae1 Nd6 23. Rd7 Rfd8 24. Ree7 Rxd7 25. Rxd7 Nb5 26. Kf2 Nxd4 27. cxd4 b5 28. Rb7 a6 29. Rb6 Kf8 30. d5 Ke7 31. Ke3 Kd7 32. Kd4 Kc7 33. Rc6+ Kb7 34. Rd6 Rc8 35. Rd7+ Rc7 36. Rd8 Rc2 37. Rd7+ Kb6 38. Rxf7 Rxa2 39. Rxg7 Rd2+ 40. Ke5 b4 41. Rxg6+ Kb5 42. Rg3 a5 43. h4 a4 44. h5 b3 45. Rg8 a3 46. h6 a2 47. Ra8 b2 48. Rxa2 b1=Q 49. Rxd2 Qe1+ 50. Kf6 Qxd2 51. Kg7 Qg5+ 52. Kh7 Kc5 53. g4 Kd6 54. Kh8 Ke7 55. h7 Kf7 56. d6 Qe5# 0-1


[Site "https://www.chess.com"]

[Event "Titled Tuesday Blitz April 11 Early 2023"]
[White "Mikayel99"]
[Black "Hirneise, Jens"]
[BlackFideId "24614734"]
[WhiteElo "2310"]
[BlackElo "2345"]
[Result "1-0"]
[Round "03"]
[TimeControl "180+2"]
[Date "2023.04.11"]
[WhiteClock "0:00:36"]
[BlackClock "0:01:08"]

1. e4 c5 2. Nf3 g6 3. c3 Bg7 4. d4 cxd4 5. cxd4 e6 6. Nc3 Ne7 7. Be2 O-O 8. O-O d6 9. Be3 Nbc6 10. Qd2 d5 11. e5 Nf5 12. a3 Nxe3 13. Qxe3 Bd7 14. b4 a5 15. b5 Na7 16. Rab1 Nc8 17. Na4 Nb6 18. Nc5 Bc8 19. h4 Nd7 20. Rfc1 Nxc5 21. Rxc5 Re8 22. h5 Bf8 23. h6 b6 24. Rc2 a4 25. Rbc1 Bd7 26. g4 g5 27. Kg2 Ra5 28. Bd3 Bxb5 29. Bxb5 Rxb5 30. Rc8 Qxc8 31. Rxc8 Rxc8 32. Qxg5+ Kh8 33. Qf6+ Kg8 34. Ng5 Rc7 35. Qd8 Ra7 36. Nxh7 Kxh7 37. Qxf8 f5 38. exf6 Rba5 39. g5 Kg6 40. Qg8+ Kf5 41. f7 Ra8 42. f8=Q+ Rxf8 43. Qxf8+ Ke4 44. h7 1-0


[Site "https://www.chess.com"]

[Event "Titled Tuesday Blitz April 11 Early 2023"]
[White "Dishman, Stephen"]
[Black "Srinath, Rao S.V."]
[WhiteFideId "403024"]
[BlackFideId "5028876"]
[WhiteElo "2204"]
[BlackElo "2196"]
[Result "0-1"]
[Round "03"]
[TimeControl "180+2"]
[Date "2023.04.11"]
[WhiteClock "0:00:07"]
[BlackClock "0:01:01"]

1. d4 c5 2. d5 f5 3. Nc3 Nf6 4. e4 fxe4 5. f3 e3 6. Bxe3 d6 7. Bb5+ Nbd7 8. a4 g6 9. h4 a6 10. Be2 Bg7 11. Nh3 Qb6 12. Rb1 Qb4 13. Nf4 Nb6 14. Nd3 Qa5 15. Bd2 Nc4 16. Nf4 Nxd2 17. Qxd2 Qb4 18. h5 Bh6 19. Rh4 Bg5 20. g3 Bxh4 21. gxh4 Bf5 22. h6 O-O-O 23. Kf2 Kb8 24. Qe3 Qd4 25. Rc1 Rhe8 26. Ne6 Bxe6 27. dxe6 Qxe3+ 28. Kxe3 d5 29. Kf2 Rd6 30. f4 d4 31. Nb1 Rxe6 32. Bf3 Ne4+ 33. Kg2 Rf8 34. Na3 Rxf4 0-1


[Site "https://www.chess.com"]

[Event "Titled Tuesday Blitz April 11 Early 2023"]
[White "Prudnykova, Olga"]
[Black "KRUMMEL2008"]
[WhiteFideId "14121093"]
[WhiteElo "2113"]
[BlackElo "2593"]
[Result "0-1"]
[Round "03"]
[TimeControl "180+2"]
[Date "2023.04.11"]
[WhiteClock "0:00:15"]
[BlackClock "0:00:49"]

1. e4 c5 2. Nf3 d6 3. Nc3 Nf6 4. e5 dxe5 5. Nxe5 a6 6. g3 Qd6 7. Nf3 Bg4 8. Bg2 Qe6+ 9. Ne2 Nc6 10. O-O Qf5 11. Nh4 Qd7 12. Qe1 g5 13. Nf3 Qf5 14. Nxg5 Qxg5 15. d4 Qg7 16. d5 Nb4 17. d6 Nxc2 18. Qd2 Nxa1 19. Bxb7 Rd8 20. Bc6+ Bd7 21. Bxd7+ Rxd7 22. Nc3 Rxd6 23. Qe2 e6 24. Bf4 Rd8 25. Rxa1 Be7 26. Qxa6 O-O 27. Qb7 Bd6 28. Be3 Ng4 29. Ne4 Nxe3 30. fxe3 Qe5 31. Rf1 f5 32. Nc3 Qxe3+ 33. Kg2 Be5 34. Rf3 Rd2+ 0-1


[Site "https://www.chess.com"]

[Event "Titled Tuesday Blitz April 11 Early 2023"]
[White "Lehtosaari, Mauri"]
[Black "a-z30"]
[WhiteFideId "501999"]
[WhiteElo "2525"]
[BlackElo "2300"]
[Result "1/2-1/2"]
[Round "03"]
[TimeControl "180+2"]
[Date "2023.04.11"]
[WhiteClock "0:00:12"]
[BlackClock "0:00:46"]

1. d4 d6 2. Nf3 Nf6 3. Bg5 g6 4. Bxf6 exf6 5. g3 f5 6. Bg2 Bg7 7. O-O O-O 8. e3 Nd7 9. c4 Nf6 10. Nc3 Re8 11. Rc1 h5 12. h4 Ng4 13. b4 c6 14. b5 Bd7 15. a4 Bf6 16. Ne2 g5 17. hxg5 Bxg5 18. Nxg5 Qxg5 19. Nf4 h4 20. Qf3 Kg7 21. Bh3 Rh8 22. Kg2 Rag8 23. Rh1 hxg3 24. fxg3 Re8 25. Rce1 Rh6 26. Bxg4 fxg4 27. Qf2 Reh8 28. Rxh6 Qxh6 29. Kf1 Qh1+ 30. Ke2 Qe4 31. Rf1 Qc2+ 32. Ke1 Qc3+ 33. Kd1 Bf5 34. e4 Qb3+ 35. Kd2 Qb2+ 36. Ke3 Qc3+ 37. Nd3 Bg6 38. Qf6+ Kg8 39. Qd8+ Kg7 40. Qf6+ Kg8 41. Qd8+ Kg7 42. Qf6+ 1/2-1/2


[Site "https://www.chess.com"]

[Event "Titled Tuesday Blitz April 11 Early 2023"]
[White "Krishnan, Varun"]
[Black "Rose, Felix"]
[WhiteFideId "5054508"]
[BlackFideId "5105722"]
[WhiteElo "2520"]
[BlackElo "2039"]
[Result "0-1"]
[Round "03"]
[TimeControl "180+2"]
[Date "2023.04.11"]
[WhiteClock "0:00:03"]
[BlackClock "0:00:38"]

1. Nf3 d5 2. d4 Nf6 3. c4 e6 4. Nc3 Be7 5. Bf4 O-O 6. e3 b6 7. Bd3 Bb7 8. cxd5 Nxd5 9. Nxd5 Bxd5 10. O-O c5 11. a3 Bb7 12. Ne5 Nc6 13. Qh5 g6 14. Nxg6 fxg6 15. Bxg6 hxg6 16. Qxg6+ Kh8 17. Qh6+ Kg8 18. Qg6+ Kh8 19. Qh6+ Kg8 20. Qxe6+ Rf7 21. d5 Na5 22. Rad1 Qc8 23. Qe4 Qf5 24. f3 Rd8 25. b4 Qxe4 26. fxe4 cxb4 27. d6 Bf8 28. axb4 Nc4 29. e5 Rg7 30. Rf2 Rg6 31. h4 Re6 32. Bg5 Rd7 33. Rdf1 Bg7 34. h5 Nxe5 35. h6 Bxh6 36. Bxh6 Rxh6 37. Rf8+ Kg7 38. R8f5 Nc4 39. R1f4 Rg6 40. Rh5 Rxg2+ 41. Kf1 Nxe3+ 42. Ke1 Nd5 43. Rfh4 Nf6 44. Rf5 Rg6 45. b5 Rxd6 46. Re5 Kf7 47. Rh8 Re6 48. Rxe6 Kxe6 49. Rb8 Rg7 50. Kf2 Ne4+ 51. Ke1 Nd6 52. Rh8 Bd5 53. Rh6+ Kd7 54. Rh5 Be6 55. Kd2 Bg4 56. Kc1 Bxh5 0-1


[Site "https://www.chess.com"]